 Dungeon Crawl Stone Soup version 0.23.2 (webtiles) character file.

Game seed: 7656265242015812065

28 sagitran the Grave Robber (level 3, 0/29 HPs)
             Began as a Hill Orc Wanderer on Mar 31, 2019.
             Slain by an adder (5 damage)
             ... on level 2 of the Dungeon.
             The game lasted 00:02:46 (1232 turns).

sagitran the Grave Robber (Hill Orc Wanderer)       Turns: 1232, Time: 00:02:47

Health: 0/29       AC:  2    Str: 14    XL:     3   Next: 14%
Magic:  5/5        EV: 11    Int: 12    God:
Gold:   23         SH:  0    Dex: 11    Spells: 4/5 levels left

rFire    . . .     SeeInvis .   f - +0 mace
rCold    . . .     Gourm    .   (no shield)
rNeg     . . .     Faith    .   d - +0 robe
rPois    .         Spirit   .   (no helmet)
rElec    .         Reflect  .   (no cloak)
rCorr    +         Harm     .   (no gloves)
MR       .....                  (no boots)
Stlth    ++........             (no amulet)
HPRegen  0.09/turn              l - ring of resist corrosion
MPRegen  0.09/turn              (no ring)

@: lethally poisoned (0 -> -11)
A: no striking features
a: no special abilities


You were on level 2 of the Dungeon.
You were not hungry.

You visited 1 branch of the dungeon, and saw 2 of its levels.

You collected 23 gold pieces.

Inventory:

Hand Weapons
 a - a +0 club
 f - a +0 mace (weapon)
Armour
 d - a +0 robe (worn)
Jewellery
 l - a ring of resist corrosion (left hand)
Scrolls
 b - 2 scrolls of enchant weapon {unknown}
 j - a scroll of identify {unknown}
 k - 2 scrolls of fear {unknown}
Potions
 c - a potion of lignification
 e - a potion of resistance {unknown}
 g - a potion of cancellation {unknown}
 h - a potion of berserk rage {unknown}
 i - a potion of curing {unknown}


   Skills:
 + Level 1.8 Fighting
   Level 2.1 Long Blades
 + Level 0.2 Maces & Flails
 + Level 0.3 Dodging
 + Level 1.3 Stealth
   Level 1.1 Shields
 + Level 1.7 Spellcasting
 + Level 1.0 Conjurations
   Level 3.0 Necromancy


You had 4 spell levels left.
You knew the following spells:

 Your Spells              Type           Power        Failure   Level  Hunger
a - Flame Tongue          Conj/Fire      #....        22%         1    ##.....

Your spell library contained the following spells:

 Spells                   Type           Power        Failure   Level  Hunger
 Magic Dart               Conj           #...         19%         1    ##.....
 Blink                    Tloc           N/A          38%         2    ###....
 Call Imp                 Summ           #.......     38%         2    ###....
 Slow                     Hex            #.......     38%         2    ###....
 Conjure Flame            Conj/Fire      #.......     56%         3    ####...
 Mephitic Cloud           Conj/Pois/Air  #.......     58%         3    ####...
 Ignite Poison            Fire/Tmut/Pois #.......     63%         3    ####...


Dungeon Overview and Level Annotations

Branches:
Dungeon (2/15)

Altars:


Message History

f - a +0 mace (weapon)
The adder bites you.
You are poisoned.
The adder poisons you!
You miss the adder.
You feel sick. The adder closely misses you.
You closely miss the adder.
You feel sick. The adder bites you. The adder barely misses you.
You closely miss the adder. The adder bites you but does no damage.
The adder bites you.
You are more poisoned.
The adder poisons you!
You closely miss the adder.
You feel sick. The adder bites you.
You are lethally poisoned!
The adder poisons you! The adder closely misses you.
You hit the adder but do no damage.
You feel sick. The adder bites you.
* * * LOW HITPOINT WARNING * * *
You barely miss the adder.
* * * LOW HITPOINT WARNING * * *
You feel sick. The adder bites you but does no damage. The adder bites you.
You die...

###### ###....#
. #.[....# ..
#......# .$.
......# ..##
#....#...>.
#####..........
#.....S@.......
#.##.......###.
#............
#....###.....
#.#### .....
#.# .... #<#
... ### ...


You could see an adder.

Vanquished Creatures
  An ooze (D:1)
  A dart slug (D:1)
  A giant cockroach (D:1)
  3 goblins (D:1)
  2 hobgoblins (D:1)
  2 jackals (D:1)
  2 kobolds (D:1)
  A ball python (D:1)
  3 bats (D:1)
  2 frilled lizards (D:1)
  4 rats (D:1)
22 creatures vanquished.

Notes
Turn   | Place    | Note
-------+----------+-------------------------------------------
     0 | D:1      | sagitran the Hill Orc Wanderer began the quest for the Orb.
     0 | D:1      | sagitran set off with the following items: a +0 club, a
                  | potion of lignification, a +0 robe, a ration; and the
                  | following spells available to memorise: Magic Dart, Flame
                  | Tongue, Blink, Call Imp, Slow, Conjure Flame, Mephitic
                  | Cloud, Ignite Poison
     0 | D:1      | Reached XP level 1. HP: 16/16 MP: 2/2
   358 | D:1      | Learned a level 1 spell: Flame Tongue
   370 | D:1      | Reached XP level 2. HP: 23/23 MP: 4/4
   511 | D:1      | Reached XP level 3. HP: 4/29 MP: 5/5
  1232 | D:2      | Slain by an adder

Action                   || total
-------------------------++-------
Melee: Club              ||    82
       Mace              ||     6
  Eat: Ration            ||     1
Armor: Robe              ||    31
Dodge: Dodged            ||    77
